 Dungeon Crawl Stone Soup version 0.29.1-4-g47bece8355 (webtiles) character file.

Game seed: 2582497642430177403

549 concernfroge the Fighter (level 7, -11/62 HPs)
             Began as a Mummy Monk on Dec 3, 2022.
             Mangled by an ogre
             ... wielding a +0 giant spiked club
              (32 damage)
             ... on level 4 of the Dungeon.
             The game lasted 00:13:22 (3837 turns).

concernfroge the Fighter (Mummy Monk)               Turns: 3837, Time: 00:13:23

Health: -11/62     AC: 11    Str: 16    XL:     7   Next: 7%
Magic:  7/7        EV:  7    Int:  9    God:
Gold:   200        SH:  7    Dex: 15    Spells: 6/6 levels left

rFire   + + .      SeeInvis .   t - +0 trident (vamp)
rCold   . . .      Faith    .   p - +0 kite shield
rNeg    + + +      Spirit   .   k - +0 fire dragon scales
rPois   ∞          Reflect  .   n - +2 hat
rElec   .          Harm     .   (no cloak)
rCorr   .          Rampage  .   (no gloves)
Will    .....                   f - +0 pair of boots
Stlth   ..........              (no amulet)
HPRegen 0.20/turn               m - ring of protection from fire
MPRegen 0.10/turn               (no ring)

@: no status effects
A: cold resistance 1, negative energy resistance 3, torment resistance 2, heat
vulnerability 1, in touch with death 1, no potions
a: no special abilities


You were on level 4 of the Dungeon.
You visited 1 branch of the dungeon, and saw 6 of its levels.

You collected 200 gold pieces.

Inventory:

Hand Weapons
 r - a +0 glaive
 t - a +0 vampiric trident (weapon)
Missiles
 d - a boomerang (quivered)
 g - 2 curare-tipped darts
Armour
 f - a +0 pair of boots (worn)
 k - +0 fire dragon scales (worn)
 n - a +2 hat (worn)
 p - a +0 kite shield (worn)
Jewellery
 m - a ring of protection from fire (left hand)
Scrolls
 e - a scroll of vulnerability
 j - a scroll of blinking {unknown}
 l - 2 scrolls of noise {unknown}
 o - 2 scrolls of teleportation {unknown}
 q - a scroll of poison {unknown}
 s - 2 scrolls of enchant weapon {unknown}


   Skills:
 + Level 8.1 Fighting
 - Level 2.4 Polearms
 - Level 2.4 Dodging
 - Level 1.5 Stealth


You had 6 spell levels left.
You didn't know any spells.
Your spell library contained the following spells:

 Spells                   Type           Power      Damage    Failure   Level
 Sting                    Tmut/Pois      0%         1d3       100%        1
 Poisonous Vapours        Pois/Air       0%         N/A       100%        2
 Summon Guardian Golem    Hex/Summ       0%         N/A       100%        3
 Olgreb's Toxic Radiance  Pois           0%         N/A       100%        4
 Orb of Destruction       Conj           0%         9d5       100%        7
 Spellforged Servitor     Conj/Summ      0%         N/A       100%        7


Dungeon Overview and Level Annotations

Branches:
Dungeon (6/15)
 Temple: D:4-7

Altars:
Hepliaklqana
Nemelex Xobeh
Ru
Sif Muna
Xom
Yredelemnul


Innate Abilities, Weirdness & Mutations

You are immune to poison.
Your flesh is cold resistant. (rC+)
You are immune to negative energy. (rN+++)
You are immune to unholy pain and torment.
You are vulnerable to heat. (rF-)
You are in touch with the powers of death.
You do not drink.


Message History

You feel aware of your surroundings.
You sensed 2 altars.
You reach to attack!
You closely miss the ball python. The ball python bites you.
The ball python closely misses you.
The ball python bites you but does no damage.
The ball python grabs you.
You stop descending the stairs.
The ball python constricts you.
You escape the ball python's grasp.
You climb downwards.
There is a stone staircase leading up here.
You puncture the ball python!
You feel better.
You kill the ball python!
No target in view!
No target in view!
Done exploring.
Unknown command.
You climb upwards.
The ogre barely misses you.
There is a stone staircase leading down here.
An ogre is nearby!
You hit the ogre.
The ogre is lightly wounded.
The ogre hits you with a +0 giant spiked club!!
Ouch! That really hurt!
You are too injured to fight recklessly!
You are too injured to fight recklessly!
Okay, then.
Okay, then.
You hit the ogre.
You feel better.
The ogre is moderately wounded.
The ogre hits you with a +0 giant spiked club!
You puncture the ogre!
The ogre is severely wounded.
The ogre hits you with a +0 giant spiked club!!
Ouch! That really hurt!
You die...

* ######## *
##......# *
#..@..?.# *
#..O....# *
#.......# *
##......# *
#......# *
#......# *
##....##* *****
#.#...,* *,,,,
*,*,,,,*******,,,,


You could see an ogre.

Vanquished Creatures
  A phantom (D:5)
  A howler monkey (D:5)
  3 jellies (D:5)
  2 centaur zombies (D:5)
  A hound (D:5)
  3 iguanas (D:5)
  Ijyb (D:5)
  2 orc wizards (D:3)
  4 adders
  A white imp (D:5)
  An ufetubus (D:5)
  2 worms
  A dart slug (D:3)
  3 orcs (D:5)
  6 endoplasms
  2 giant cockroaches
  2 goblins
  A hobgoblin (D:3)
  5 jackals
  4 quokkas
  2 ball pythons
  3 bats
  3 frilled lizards (D:2)
  6 kobolds
  4 rats
64 creatures vanquished.

Notes
Turn   | Place    | Note
-------+----------+-------------------------------------------
     0 | D:1      | concernfroge the Mummy Monk began the quest for the Orb.
     0 | D:1      | Reached XP level 1. HP: 18/18 MP: 1/1
   372 | D:1      | Reached XP level 2. HP: 18/24 MP: 2/2
   924 | D:2      | Reached skill level 4 in Fighting
  1507 | D:2      | Gained mutation: You are in touch with the powers of death.
                  | [Mummy growth]
  1507 | D:2      | Reached XP level 3. HP: 30/30 MP: 3/3
  1583 | D:3      | Found a faded altar of an unknown god.
  1638 | D:3      | Found a shimmering blue altar of Sif Muna.
  1722 | D:3      | Reached skill level 5 in Fighting
  1722 | D:3      | Reached XP level 4. HP: 32/39 MP: 4/4
  1931 | D:3      | Found a sacrificial altar of Ru.
  2079 | D:3      | Found a sparkling altar of Nemelex Xobeh.
  2470 | D:3      | You fall into a shaft and drop 3 floors!
  2496 | D:5      | Entered Level 5 of the Dungeon
  2508 | D:5      | Reached XP level 5. HP: 21/46 MP: 5/5
  2767 | D:5      | Reached skill level 6 in Fighting
  2854 | D:5      | Found a basalt altar of Yredelemnul.
  2969 | D:5      | Reached XP level 6. HP: 37/53 MP: 6/6
  3126 | D:5      | Reached skill level 7 in Fighting
  3261 | D:5      | Noticed Ijyb
  3292 | D:5      | Killed Ijyb
  3540 | D:5      | Found a hazy altar of Hepliaklqana.
  3541 | D:5      | Found a shimmering altar of Xom.
  3542 | D:5      | Noticed a spectral ugly thing
  3614 | D:5      | Reached skill level 8 in Fighting
  3614 | D:5      | Reached XP level 7. HP: 41/62 MP: 7/7
  3837 | D:4      | Mangled by an ogre

Illustrated notes

Levels and vault maps discovered:
D:1:      nzn_arrival_depleted_hourglass, layout_loops_ring
D:2:      layout_basic
D:3:      layout_loops_ring, led_sif_book, mainiacjoe_overflow_alcove_1,
          mainiacjoe_overflow_six_doors_small, serial_rivers,
          chequers_serial_rivers_micro_d, chequers_serial_rivers_micro_c,
          chequers_serial_rivers_micro_e, chequers_serial_rivers_micro_d,
          chequers_serial_rivers_room_b, basic_ecumenical_altar,
          grunt_ministairs_3
D:4:      layout_basic, mainiacjoe_overflow_24_doors,
          mainiacjoe_overflow_boulevard, uniq_edmund, uniq_menkaure
D:5:      layout_rooms, regret_index_temple_of_mockery,
          lemuel_zombie_altar_yredelemnul, uniq_ijyb
D:6:      minmay_razor_zed, layout_basic, good_gods_temple_1,
          lemuel_mausoleum_altar_kikubaaqudgha, uniq_blork_the_orc

Skill      XL: |  1  2  3  4  5  6 |
---------------+-------------------+-----
Fighting       | 4 5 6 8 |  8.1
Polearms       | |  2.4
Dodging        | |  2.4
Stealth        | |  1.5

Action                   |  1- 3 |  4- 6 |  7- 9 || total
-------------------------+-------+-------+-------++-------
Melee: Spear             |   129 |     3 |       ||   132
       Whip              |     4 |    66 |       ||    70
       Trident           |       |   123 |     8 ||   131
Throw: Boomerang         |    54 |     2 |       ||    56
       Dart              |     4 |       |       ||     4
  Use: Scroll            |       |     4 |     1 ||     5
 Stab: Sleeping          |     1 |       |       ||     1
Armor: Plate armour      |    33 |       |       ||    33
       Robe              |     4 |       |       ||     4
       Fire dragon scale |     8 |   129 |     1 ||   138
Dodge: Dodged            |    25 |    74 |     4 ||   103
Block: Kite shield       |       |    82 |     1 ||    83
